 Dungeon Crawl Stone Soup version 0.30-a0-760-g5a9884bb7c (webtiles) character file.

Game seed: 17714117430609261944

5050 jlumianski the Cleaver (level 10, -1/82 HPs)
             Began as a Demonspawn Fighter on Feb 10, 2023.
             Was a Follower of Qazlal.
             Slain by an orc warrior
             ... wielding a +0 battleaxe
              (4 damage)
             ... in a bailey.
             The game lasted 00:34:30 (6768 turns).

jlumianski the Cleaver (Demonspawn Fighter)         Turns: 6768, Time: 00:34:31

Health: -1/82      AC: 22    Str: 20    XL:     10   Next: 30%
Magic:  12/12      EV:  8    Int: 10    God:    Qazlal [*.....]
Gold:   207        SH:  5    Dex: 13    Spells: 9/9 levels left

rFire   . . .      SeeInvis .    k - +6 battleaxe of Cobwebs {spect, rElec}
rCold   . . .      Faith    .    (shield currently unavailable)
rNeg    . . .      Spirit   .    g - +0 chain mail
rPois   .          Reflect  .    (no helmet)
rElec   +          Harm     .    f - +2 cloak
rCorr   .          Rampage  .    (no gloves)
Will    .....                    (no boots) Stlth
                                 (no amulet)
HPRegen 0.33/turn                e - +4 ring of slaying
MPRegen 0.13/turn                J - +4 ring of protection

@: invisible
A: rugged brown scales 1, foul stench 1, icemail 1, condensation shield
a: Renounce Religion


You were in a bailey.
You worshipped Qazlal.
Qazlal was aware of your devotion.
You visited 2 branches of the dungeon, and saw 9 of its levels.
You also visited: Bailey.

You collected 394 gold pieces.
You spent 187 gold pieces at shops.

Inventory:

Hand Weapons
 a - a +0 war axe of flaming
 k - the +6 battleaxe of Cobwebs (weapon) {spect, rElec}
   (You acquired it on level 4 of the Dungeon)

   rElec:     It insulates you from electricity.
 r - a +3 dire flail of freezing
 O - a +4 war axe
Missiles
 h - 51 stones
 p - 11 javelins
 x - 34 boomerangs
 y - 19 poisoned darts (quivered)
 P - 3 curare-tipped darts
 Q - 4 datura-tipped darts
Armour
 b - a +0 scale mail
 c - a +0 buckler
 f - a +2 cloak (worn)
 g - a +0 chain mail (worn)
 u - a +0 tower shield
Magical Staves
 v - a staff of conjuration
Jewellery
 e - a +4 ring of slaying (left hand)
 w - a ring of positive energy
 B - a ring of poison resistance
 J - a +4 ring of protection (right hand)
 M - a ring of see invisible
Wands
 A - a wand of mindburst (20)
 K - a wand of charming (6)
Scrolls
 i - a scroll of torment
 j - a scroll of fear
 l - a scroll of poison
 m - a scroll of amnesia
 z - a scroll of brand weapon
 H - 2 scrolls of fog {unknown}
 I - a scroll of vulnerability {unknown}
 L - a scroll of identify
 N - a scroll of teleportation
Potions
 d - a potion of might
 n - a potion of flight
 o - a potion of brilliance
 s - 5 potions of curing
 t - 2 potions of attraction
 C - a potion of mutation
 D - a potion of degeneration
 E - a potion of lignification
 F - 2 potions of cancellation {unknown}


   Skills:
 * Level 7.7 Fighting
 + Level 10.3 Axes
 + Level 2.2 Throwing
 + Level 6.2 Armour
 + Level 1.3 Dodging
 - Level 0.1 Stealth
 - Level 3.2 Shields
 * Level 3.5 Invocations


You had 9 spell levels left.
You didn't know any spells.
Your spell library contained the following spells:

 Spells                   Type           Power      Damage    Failure   Level
 Summon Small Mammal      Summ           0%         N/A       98%         1
 Sublimation of Blood     Necr           0%         N/A       99%         2
 Wereblood                Tmut           0%         N/A       99%         2
 Call Canine Familiar     Summ           0%         N/A       100%        3
 Summon Guardian Golem    Hex/Summ       0%         N/A       100%        3
 Summon Hydra             Summ           0%         N/A       100%        7


Dungeon Overview and Level Annotations

Branches:
Dungeon (8/15)             Temple (1/1) D:7          Bailey (1/1)
   Lair: D:8-11

Altars:
Fedhas
Kikubaaqudgha
Makhleb
Okawaru
Qazlal
Sif Muna
Uskayaw
Vehumet
Wu Jian
Yredelemnul

Shops:
D:6 *


Innate Abilities, Weirdness & Mutations

You are partially covered in rugged brown scales. (AC +1, +3% HP)
You may rarely emit foul miasma when damaged in melee.
A meltable icy envelope protects you from harm. (AC +4)
A meltable shield of frost defends you. (SH +4)


Message History

You slash the orc knight!
The orc knight is almost dead.
Your +6 battleaxe of Cobwebs {spect, rElec} hits the orc knight!!
You kill the orc knight!
Qazlal accepts your kill.
Your +6 battleaxe of Cobwebs {spect, rElec} is struck by lightning.
Your +6 battleaxe of Cobwebs {spect, rElec} fades away.
The orc warrior throws an atropa-tipped dart.
The atropa-tipped dart closely misses you.
The orc warrior throws an atropa-tipped dart.
The atropa-tipped dart hits you!
The orc warrior hits you with a +0 battleaxe!
The kobold brigand hits you with a +0 war axe.
The orc warrior barely misses you. x2
The kobold brigand hits you with a +0 war axe!
* * * LOW HITPOINT WARNING * * *
The orc warrior barely misses you.
There is an open door, spattered with blood here.
Things that are here:
a +0 war axe; a +0 plate armour You hit the kobold brigand.
The kobold brigand is almost dead.
You hit the orc warrior but do no damage.
You closely miss the orc warrior.
You feel yourself speed up.
The orc warrior hits you with a +0 battleaxe!
* * * LOW HITPOINT WARNING * * *
The kobold brigand barely misses you.
The orc warrior hits you with a +0 broad axe.
* * * LOW HITPOINT WARNING * * *
You feel much better.
The orc warrior hits you with a +0 battleaxe!
* * * LOW HITPOINT WARNING * * *
The kobold brigand closely misses you.
The orc warrior hits you with a +0 broad axe!
* * * LOW HITPOINT WARNING * * *
Okay, then.
You fade into invisibility!
The orc warrior hits you with a +0 battleaxe.
You die...

#....~~.......~~....#
#####~~.......~~#####
##~.......~##
####'''#### ##.....##
#∩.)...∩# #...8...#
##..○..## ###@###


#oKo# ....... ........... ............... ............... #.............#
###.((...$(.### You could see 2 orc warriors and a kobold brigand (unable to see
you).

Vanquished Creatures
  A two-headed ogre (D:8)
  An orc knight (Bailey)
  Maurice (D:8)
  Eustachio (D:4)
  2 steam dragons
  Menkaure (D:7)
  A water moccasin (D:6)
  Duvessa (D:7)
  An orc warrior (Bailey)
  2 ice beasts
  A sky beast (D:6)
  3 centaurs
  3 ogres
  A phantom (D:5)
  5 kobold brigands (Bailey)
  3 bullfrogs
  A necrophage (D:4)
  2 scorpions
  12 wights
  Dowan (D:7)
  4 electric eels (D:6)
  3 jellies
  2 hounds
  An orc wizard (D:6)
  3 iguanas
  A hound skeleton (D:4)
  4 gnolls
  14 adders
  A shadow imp (D:7)
  A worm (D:3)
  6 dart slugs
  8 orcs
  7 ball pythons
  6 bats
  7 endoplasms
  3 giant cockroaches
  10 goblins
  6 hobgoblins
  3 jackals
  A quokka (D:2)
  2 frilled lizards
  12 kobolds
  9 rats
158 creatures vanquished.

Notes
Turn   | Place    | Note
-------+----------+-------------------------------------------
     0 | D:1      | jlumianski the Demonspawn Fighter began the quest for the
                  | Orb.
     0 | D:1      | Reached XP level 1. HP: 18/18 MP: 1/1
   148 | D:1      | Reached skill level 2 in Axes
   150 | D:1      | Gained mutation: You are partially covered in rugged brown
                  | scales. (AC +1, +3% HP) [demonic ancestry]
   150 | D:1      | Reached XP level 2. HP: 18/24 MP: 2/2
   618 | D:1      | Reached XP level 3. HP: 29/29 MP: 3/3
  1345 | D:2      | Reached skill level 3 in Axes
  1345 | D:2      | Reached XP level 4. HP: 33/37 MP: 4/4
  2018 | D:3      | Found a hide-covered altar of Uskayaw.
  2103 | D:5      | Entered Level 5 of the Dungeon
  2314 | D:3      | Reached XP level 5. HP: 43/43 MP: 5/5
  2585 | D:4      | Found Zin's Purification Station.
  2611 | D:4      | Bought a potion of curing for 90 gold pieces
  2634 | D:4      | Noticed Eustachio
  2651 | D:4      | Killed Eustachio
  2652 | D:4      | Reached skill level 4 in Axes
  2652 | D:4      | Gained mutation: A meltable shield of frost defends you.
                  | (SH +4) [demonic ancestry]
  2652 | D:4      | Reached XP level 6. HP: 27/50 MP: 6/6
  2901 | D:4      | Found a burning altar of Makhleb.
  3160 | D:4      | Identified a scroll of acquirement
  3160 | D:4      | Acquired the +6 battleaxe of Cobwebs {spect, rElec}
  3258 | D:4      | Gained mutation: A meltable icy envelope protects you from
                  | harm. (AC +4) [demonic ancestry]
  3258 | D:4      | Reached XP level 7. HP: 56/56 MP: 7/7
  3684 | D:5      | Reached skill level 5 in Axes
  3915 | D:5      | Reached skill level 1 in Throwing
  3924 | D:5      | Found a basalt altar of Yredelemnul.
  3940 | D:5      | Reached skill level 5 in Fighting
  4030 | D:5      | Reached skill level 6 in Axes
  4030 | D:5      | Gained mutation: You may rarely emit foul miasma when
                  | damaged in melee. [demonic ancestry]
  4030 | D:5      | Reached XP level 8. HP: 39/63 MP: 8/8
  4381 | D:5      | Found an iron altar of Okawaru.
  4592 | D:6      | Reached skill level 7 in Axes
  4690 | D:7      | Noticed Dowan
  4690 | D:7      | Noticed Duvessa
  4701 | D:7      | Killed Duvessa
  4702 | D:7      | Reached skill level 5 in Armour
  4702 | D:7      | Killed Dowan
  4956 | D:6      | Reached skill level 1 in Dodging
  4957 | D:6      | Reached XP level 9. HP: 63/71 MP: 9/9
  4988 | D:6      | Reached skill level 8 in Axes
  5126 | D:6      | Found Bire's General Store.
  5135 | D:6      | Bought a scroll of enchant armour for 97 gold pieces
  6078 | D:7      | Reached skill level 9 in Axes
  6182 | D:7      | Found a staircase to the Ecumenical Temple.
  6182 | D:7      | Noticed Menkaure
  6189 | D:7      | Killed Menkaure
  6193 | Temple   | Entered the Ecumenical Temple
  6219 | Temple   | Became a worshipper of Qazlal Stormbringer
  6254 | D:8      | Noticed Maurice
  6257 | D:8      | Killed Maurice
  6398 | D:8      | Found a flagged portal.
  6401 | D:8      | Noticed a two-headed ogre
  6407 | D:8      | Killed a two-headed ogre
  6408 | D:8      | Reached XP level 10. HP: 81/81 MP: 10/12
  6439 | Bailey   | Entered a bailey
  6458 | Bailey   | Reached skill level 10 in Axes
  6756 | Bailey   | Noticed an orc knight
  6761 | Bailey   | Reached * piety under Qazlal
  6764 | Bailey   | Killed an orc knight
  6767 | Bailey   | HP: 2/82 [orc warrior/+0 broad axe (17)]
  6768 | Bailey   | Slain by an orc warrior

Illustrated notes

Levels and vault maps discovered:
D:1:      lemuel_arrival_room, layout_loops_ring
D:2:      layout_loops_corners, minmay_misc_feat_alley, minmay_divided_ellipse
D:3:      layout_basic, nicolae_overflow_crystal_walls, hangedman_decor_points
D:4:      layout_basic, zin_purify, makhleb_blood_cavern_becter,
          amcnicky_mini_pool_small, uniq_eustachio
D:5:      layout_gridville, lemuel_crystal_altar, overflow_temple_1_default,
          mainiacjoe_overflow_small_starburst
D:6:      layout_loops_ring, serial_shops, nicolae_square_shop, kennysheep_boxes
D:7:      layout_basic, minmay_temple_entry_wispy, uniq_duvessa, uniq_menkaure
D:8:      layout_loops_ring, grunt_dithmenos_shadows,
          nicolae_ru_great_annihilating_truth, enter_bailey_5, uniq_maurice
Temple:   nicolae_temple_hex_pool
Bailey:   bailey_axe_3, bailey

Skill      XL: |  1  2  3  4  5  6  7  8  9 10 |
---------------+-------------------------------+-----
Axes           | 2 3 4 6 7 9 10 | 10.3
Armour         | 3 4 5 6 |  6.2
Fighting       | 4 5 6 7 |  7.7
Shields        | 3 |  3.2
Throwing       | 1 2 |  2.2
Dodging        | 1 |  1.3
Invocations    | 2 3 |  3.5
Stealth        | |  0.1

Action                     |  1- 3 |  4- 6 |  7- 9 | 10-12 || total
---------------------------+-------+-------+-------+-------++-------
  Melee: War axe           |    69 |    76 |       |       ||   145
         Battleaxe         |       |     2 |   106 |    22 ||   130
  Throw: Dart              |       |    12 |     5 |       ||    17
    Use: Scroll            |       |     7 |    13 |       ||    20
         Potion            |       |       |       |     3 ||     3
   Stab: Distracted        |       |       |     1 |       ||     1
 Armour: Scale mail        |    13 |       |       |       ||    13
         Chain mail        |    29 |    46 |    74 |    16 ||   165
  Dodge: Dodged            |    25 |    20 |    43 |    11 ||    99
  Block: Buckler           |    13 |     6 |       |       ||    19
         Tower shield      |       |    53 |       |       ||    53
         Other             |       |       |    19 |     4 ||    23

Table legend: (Time is in decaauts)
 A = Elapsed time spent in this place.
 B = Non-inter-level travel time spent in this place.
 C = Inter-level travel time spent in this place.
 D = Time resting spent in this place.
 E = Time spent auto-exploring this place.
 F = Levels seen in this place.
 G = Mean time per level.
                   A        B        C        D        E       F      G
               +--------+--------+--------+--------+--------+-----+--------+
         Total |   6952 |   6713 |    239 |    556 |   3968 |  10 |  695.2 |
       Dungeon |   6555 |   6316 |    239 |    392 |   3968 |   8 |  819.4 |
        Temple |     48 |     48 |      0 |      0 |      0 |   1 |   48.0 |
        Bailey |    348 |    348 |      0 |    164 |      0 |   1 |  348.0 |
               +--------+--------+--------+--------+--------+-----+--------+

Top non-repeatable levels by time:
     D:4: 1091 daAuts
     D:2: 1054 daAuts
     D:5: 959 daAuts
     D:6: 952 daAuts
     D:1: 795 daAuts
     D:7: 765 daAuts
     D:3: 748 daAuts
  Bailey: 348 daAuts
     D:8: 187 daAuts
  Temple: 48 daAuts
